 Dungeon Crawl Stone Soup version 0.30.0-20-g3615ddf2f0 (webtiles) character file.

Game seed: 10768409127365174238

74 qw the Chopper (level 4, -1/28 HPs)
             Began as a Gargoyle Fighter on May 28, 2023.
             Slain by Ijyb
             ... wielding a +0 club
              (5 damage)
             ... on level 3 of the Dungeon.
             The game lasted 00:00:43 (2324 turns).

qw the Chopper (Gargoyle Fighter)                   Turns: 2324, Time: 00:00:44

Health: -1/28      AC:  0    Str: 22    XL:     4   Next: 30%
Magic:  4/4        EV: 13    Int:  8    God:
Gold:   104        SH:  0    Dex:  9    Spells: 3/3 levels left

rFire   . . .        Y - melded +1 war axe
rCold   . . .        c - melded +0 buckler
rNeg    + . .        b - melded +0 scale mail
rPois   inf          (helmet currently unavailable)
rElec   .            (cloak currently unavailable)
rCorr   .            (gloves currently unavailable)
SInv    .            e - melded +0 pair of boots
Will    .....        (no amulet)
Stlth   +            f - melded ring of protection from cold
HPRegen 0.24/turn    (ring currently unavailable)
MPRegen 0.09/turn

%: no passive effects
@: pig-form, very quick
A: fast, no casting, sickness immunity, AC +3, small, negative energy resistance
1, (electricity resistance), torment resistance 1, petrification resistance
a: no special abilities


You were on level 3 of the Dungeon.
You were a filthy swine.
You visited 1 branch of the dungeon, and saw 3 of its levels.

You collected 104 gold pieces.


Innate Abilities, Weirdness & Mutations

You are a filthy swine.
You move quickly.
Your equipment is almost entirely melded.
You are incapable of wielding weapons or throwing items.
You cannot cast spells.
You are immune to sickness and miasma.
((Your stone body is resilient. (AC +3)))
You are immune to poison.
You resist negative energy. (rN+)
((You are resistant to electric shocks. (rElec)))
You are resistant to unholy torment.
You are immune to petrification.


   Skills:
 - Level 3.2 Fighting
 + Level 4.0 Axes
 - Level 3.2 Armour
 - Level 3.2 Shields


You had 3 spell levels left.
You didn't know any spells.
Your spell library was empty.

Inventory:

Hand Weapons
 j - a +1 spectral club
 Y - a +1 war axe (melded)
Armour
 b - a +0 scale mail (melded)
 c - a +0 buckler (melded)
 e - a +0 pair of boots (melded)
Jewellery
 f - a ring of protection from cold (melded)
Potions
 a - a potion of brilliance {unknown}
 d - 2 potions of might
 g - a potion of mutation {unknown}
 h - a potion of curing
 i - a potion of ambrosia {unknown}
 m - a potion of invisibility {unknown}

Dungeon Overview and Level Annotations

Branches:
Dungeon (3/15)

Altars:
Nemelex Xobeh

Annotations:
D:3 Ijyb


Message History

Where to? (* - list waypoints, Enter - D:2, ? - help)
What level of the Dungeon? (default 1, ? - help)
There is a stone staircase leading down here.
You climb downwards.
Ijyb shouts!
There is a stone staircase leading up here.
Ijyb is nearby!
Waypoint 2 assigned to D:3.
Ijyb barely misses you.
You barely miss Ijyb.
Ijyb zaps a wand.
You resist with some effort.
You closely miss Ijyb. You block Ijyb's attack.
You closely miss Ijyb. Ijyb hits you but does no damage.
Ijyb zaps a wand.
You turn into a filthy swine.
Your +1 war axe melds into your body.
Your +0 pair of boots melds into your body.
Your +0 buckler melds into your body.
Your +0 scale mail melds into your body.
Your ring of protection from cold melds into your body.
You hit Ijyb but do no damage. You hit Ijyb but do no damage.
Ijyb hits you with a +0 club!
You hit Ijyb but do no damage. Ijyb closely misses you.
You hit Ijyb but do no damage. Ijyb hits you with a +0 club.
You hit Ijyb.
Ijyb is moderately wounded.
Ijyb hits you with a +0 club.
You hit Ijyb.
Ijyb is moderately wounded.
Ijyb hits you with a +0 club.
You hit Ijyb.
Ijyb is moderately wounded.
Ijyb hits you with a +0 club.
You hit Ijyb but do no damage.
Ijyb is moderately wounded.
Ijyb hits you with a +0 club.
You die...

##########
###.........
...........
#..........
#..........
#<.........
##.........
#.h.......
+.g.......
#.........
#.........
###.######
.# .# ##


You could see Ijyb.

Vanquished Creatures
  Jessica (D:2)
  3 worms (D:2)
  A dart slug (D:1)
  4 ball pythons
  6 bats
  4 endoplasms
  2 giant cockroaches
  3 goblins
  4 hobgoblins
  4 kobolds
  4 rats
36 creatures vanquished.

Notes
Turn   | Place    | Note
-------+----------+-------------------------------------------
     0 | D:1      | qw the Gargoyle Fighter began the quest for the Orb.
     0 | D:1      | Reached XP level 1. HP: 14/14 MP: 1/1
     0 | D:1      | 0 ||| qw: Version: 0.2-a-100-g7972860
     0 | D:1      | 0 ||| qw: Game counter: 238
     0 | D:1      | 0 ||| qw: Always use a shield: true
     0 | D:1      | 0 ||| qw: God list: Okawaru
     0 | D:1      | 0 ||| qw: Allow faded altars: false
     0 | D:1      | 0 ||| qw: Do Orc after D:15 true
     0 | D:1      | 0 ||| qw: Do second Lair branch before Depths: true
     0 | D:1      | 0 ||| qw: Lair rune preference: random
     0 | D:1      | 0 ||| qw: Plans: Normal, Zot:1-4, Slime:5, God:TSO, Crypt,
                  | Tomb, Pan, Hells, Abyss, Win
     0 | D:1      | 0 ||| PLANNING D:1-11
   146 | D:1      | 146 ||| Stepping ~*~*~tactically~*~*~ (hiding).
   154 | D:1      | Reached skill level 2 in Axes
   337 | D:1      | Reached XP level 2. HP: 19/19 MP: 2/2
   857 | D:1      | 857 ||| DROPPING +0 club.
  1024 | D:1      | Found a faded altar of an unknown god.
  1034 | D:1      | Reached skill level 3 in Axes
  1149 | D:1      | 1149 ||| UPGRADING to ring of protection from cold.
  1150 | D:1      | 1150 ||| READING scroll labelled ORORCHU FUID.
  1151 | D:1      | 1151 ||| READING scroll labelled GESAMU BOWOI.
  1152 | D:1      | 1152 ||| READING scroll labelled FIRIZO NATWEL.
  1278 | D:2      | Reached XP level 3. HP: 23/23 MP: 3/3
  1822 | D:2      | Noticed Jessica
  1833 | D:2      | Killed Jessica
  1834 | D:2      | Reached skill level 4 in Axes
  1834 | D:2      | Reached XP level 4. HP: 16/28 MP: 4/4
  1884 | D:2      | 1884 ||| DROPPING +0 whip.
  1889 | D:2      | Found a sparkling altar of Nemelex Xobeh.
  2283 | D:2      | 2283 ||| UPGRADING to +0 pair of boots.
  2288 | D:2      | 2288 ||| DRINKING 2 green potions.
  2311 | D:3      | Noticed Ijyb
  2322 | D:3      | HP: 7/28 [Ijyb/+0 club (4)]
  2323 | D:3      | HP: 3/28 [Ijyb/+0 club (4)]
  2324 | D:3      | Slain by Ijyb

Levels and vault maps discovered:
D:1:      dpeg_cavernosity, layout_loops_corners, ebering_ecumenical_altar_rust
D:2:      layout_basic, basic_altar, uniq_jessica
D:3:      layout_basic, mainiacjoe_overflow_brackets, serial_bayou_lagoon_a,
          uniq_ijyb

Skill      XL: |  1  2  3 |
---------------+----------+-----
Axes           | 2 3 4 |  4.0
Fighting       | |  3.2
Armour         | |  3.2
Shields        | |  3.2

Action                     |  1- 3 |  4- 6 || total
---------------------------+-------+-------++-------
  Melee: War axe           |    91 |    10 ||   101
         Unarmed           |       |     8 ||     8
    Use: Scroll            |     3 |       ||     3
         Potion            |       |     1 ||     1
 Armour: Scale mail        |    41 |     2 ||    43
  Dodge: Dodged            |    31 |     7 ||    38
  Block: Buckler           |    15 |     2 ||    17

Table legend:
 A = Non-vault XP
 B = Vault XP
 C = Vault XP percentage of total XP
 D = Non-vault monster count
 E = Vault monster count
 F = Vault count percentage of total count
                 A         B        C        D         E       F
            +---------+---------+-------+---------+---------+-------
      Total |      64 |      43 |  40.2 |      31 |       5 |  13.9
            +---------+---------+-------+---------+---------+-------
        D:1 |      25 |       6 |  19.4 |      13 |       4 |  23.5
        D:2 |      39 |      37 |  48.7 |      18 |       1 |   5.3
            +---------+---------+-------+---------+---------+-------
